 Dungeon Crawl Stone Soup version 0.28.0-45-g0d030f2227 (webtiles) character file.

Game seed: 17698298761287115107

66 MisterFreud the Chiller (level 3, -3/33 HPs)
             Began as a Draconian Wanderer on Mar 29, 2022.
             Was a Follower of Okawaru.
             Slain by an orc
             ... wielding a +0 mace
              (7 damage)
             ... on level 4 of the Dungeon.
             The game lasted 00:03:31 (1589 turns).

MisterFreud the Chiller (Draconian Wanderer)        Turns: 1589, Time: 00:03:33

Health: -3/33      AC:  6    Str: 13 (16) XL:     3   Next: 96%
Magic:  1/4        EV: 11    Int:  6 (8)  God:    Okawaru [*.....]
Gold:   151        SH:  0    Dex: 13 (14) Spells: 3/4 levels left

rFire   . . .      SeeInvis .   a - +0 mace
rCold   . . .      Faith    .   (no shield)
rNeg    . . .      Spirit   .   (armour unavailable)
rPois   .          Reflect  .   (helmet restricted)
rElec   .          Harm     .   (no cloak)
rCorr   .          Rampage  .   (no gloves)
Will    .....                   b - +0 pair of boots
Stlth   ++........              (no amulet)
HPRegen 0.11/turn               (no ring)
MPRegen 0.09/turn               (no ring)

@: no status effects
A: AC +5, unfitting armour, cold-blooded
a: Renounce Religion, Heroism


You were on level 4 of the Dungeon.
You worshipped Okawaru.
Okawaru was aware of your devotion.
You visited 1 branch of the dungeon, and saw 4 of its levels.

You collected 151 gold pieces.

Inventory:

Hand Weapons
 a - a +0 mace (weapon)
Missiles
 h - a throwing net
Armour
 b - a +0 pair of boots (worn)
Jewellery
 f - a ring of flight
Scrolls
 c - a scroll of fear {unknown}
 e - a scroll of identify {unknown}
 g - a scroll of teleportation {unknown}
 i - a scroll of fog {unknown}


   Skills:
 + Level 4.3 Fighting
 - Level 1.0 Maces & Flails
 - Level 1.0 Dodging
 - Level 1.0 Stealth
 - Level 1.0 Spellcasting
 - Level 5.0 Ice Magic


You had 3 spell levels left.
You knew the following spells:

 Your Spells              Type           Power      Damage    Failure   Level
a - Freeze                Ice            24%        1d5       6%          1

Your spell library contained the following spells:

 Spells                   Type           Power      Damage    Failure   Level
 Frozen Ramparts          Ice            12%        1d3       17%         3
 Ozocubu's Armour         Ice            6%         N/A       17%         3
 Gell's Gravitas          Tloc           0%         N/A       80%         3
 Teleport Other           Tloc           0%         N/A       80%         3
 Dispersal                Tloc           0%         N/A       100%        6


Dungeon Overview and Level Annotations

Branches:
Dungeon (4/15)
 Temple: D:4-7

Altars:
Okawaru

Annotations:
D:2 Sigmund


Innate Abilities, Weirdness & Mutations

Your plain brown scales are hard. (AC +5)
You cannot fit into any form of body armour.
You are cold-blooded and may be slowed by cold attacks.


Message History

You hear a shout! x2
The orc priest invokes the aid of Beogh against you.
Beogh smites you!
It was a potion of degeneration.
There was something very wrong with that liquid.
You feel weakened.
You feel dopey.
You feel clumsy.
The orc priest calls down the wrath of Beogh upon you.
Beogh smites you!
* * * LOW HITPOINT WARNING * * *
There is a stone staircase leading down here.
You climb downwards.
Found a murky cyan potion.
There is a stone staircase leading up here.
Casting: Freeze (safe; 6% risk of failure)
Confirm with . or Enter, or press ? or * to list all spells.
Aiming: Freeze (safe; 6% risk of failure)
Press: ? - help, Shift-Dir - straight line, f - orc
Aim: an orc, wielding a +0 mace (asleep)
You freeze the orc.
The orc shouts!
The orc is moderately wounded.
The orc closely misses you.
Casting: Freeze (safe; 6% risk of failure)
Confirm with . or Enter, or press ? or * to list all spells.
Aiming: Freeze (safe; 6% risk of failure)
Press: ? - help, Shift-Dir - straight line, f/p - orc
Aim: an orc, wielding a +0 mace (moderately wounded)
You freeze the orc.
The orc is heavily wounded.
The orc hits you but does no damage.
Unknown command.
Casting: Freeze (safe; 6% risk of failure)
Confirm with . or Enter, or press ? or * to list all spells.
Aiming: Freeze (safe; 6% risk of failure)
Press: ? - help, Shift-Dir - straight line, f/p - orc
Aim: an orc, wielding a +0 mace (heavily wounded)
You freeze the orc.
The orc is severely wounded.
The orc hits you with a +0 mace!
You die...

...### #.###
......###....#
.............#
.............#
.............#
............##
........o....##
...!...@.......
..#############


You could see an orc.

Vanquished Creatures
  A bullfrog skeleton (D:3)
  An adder (D:2)
  A dart slug (D:2)
  3 orcs (D:3)
  3 ball pythons
  2 endoplasms
  A giant cockroach (D:1)
  2 goblins
  2 hobgoblins
  2 bats
  3 frilled lizards (D:1)
  A kobold (D:1)
  A rat (D:1)
23 creatures vanquished.

Notes
Turn   | Place    | Note
-------+----------+-------------------------------------------
     0 | D:1      | MisterFreud the Draconian Wanderer began the quest for the
                  | Orb.
     0 | D:1      | MisterFreud set off with the following items: a +0 mace, a
                  | +0 pair of boots; and the following spell memorised:
                  | Freeze; and the following spells available to memorise:
                  | Frozen Ramparts, Ozocubu's Armour
     0 | D:1      | Reached XP level 1. HP: 16/16 MP: 2/2
   388 | D:1      | Found a faded altar of an unknown god.
   403 | D:1      | Prayed at the altar of an unknown god.
   403 | D:1      | Became a worshipper of Warmaster Okawaru
   403 | D:1      | Reached * piety under Okawaru
   445 | D:1      | Reached XP level 2. HP: 21/25 MP: 1/3
  1082 | D:2      | Noticed Sigmund
  1279 | D:3      | Reached XP level 3. HP: 27/31 MP: 4/4
  1589 | D:4      | Slain by an orc

Illustrated notes

Levels and vault maps discovered:
D:1:      minmay_arrival_jagged, layout_loops_ring,
          ebering_ecumenical_altar_webs, minmay_tetromino_o4
D:2:      layout_loops_ring, uniq_sigmund
D:3:      layout_basic, nrook_mini_backslash
D:4:      layout_cave_pools, serial_glass, glass_columns_b, glass_columns_a,
          gammafunk_ghost_cemetery, kennysheep_opposing_triangles, uniq_ijyb,
          uniq_menkaure

Skill      XL: |  1  2  3 |
---------------+----------+-----
Fighting       | 2 3 4 |  4.3
Maces & Flails | |  1.0
Dodging        | |  1.0
Stealth        | |  1.0
Spellcasting   | |  1.0
Ice Magic      | |  5.0

Action                   || total
-------------------------++-------
Melee: Mace              ||    36
       Tailslap          ||     7
 Cast: Freeze            ||    27
  Use: Potion            ||     1
 Stab: Sleeping          ||     1
Armor: Skin              ||    14
Dodge: Dodged            ||    34
